 Dungeon Crawl Stone Soup version 0.27.1 (webtiles) character file.

Game seed: 14669847732904262402

9 Descartes the Sneak (level 2, 0/14 HPs)
             Began as a Felid Delver on Aug 25, 2021.
             Succumbed to an adder's poison
             ... on level 5 of the Dungeon.
             The game lasted 00:00:24 (84 turns).

Descartes the Sneak (Felid Delver)                    Turns: 84, Time: 00:00:24

Health: 0/14       AC:  1    Str:  8    XL:     2   Next: 3%
Magic:  3/3        EV: 17    Int: 11    God:
Gold:   14         SH:  0    Dex: 17    Spells: 1/1 levels left
                                        Lives:  0   Deaths: 0

rFire    . . .     SeeInvis +     - Unarmed
rCold    . . .     Faith    .   (shield unavailable)
rNeg     . . .     Spirit   .   (armour unavailable)
rPois    .         Reflect  .   (helmet unavailable)
rElec    .         Harm     .   (cloak unavailable)
rCorr    .         Rampage  .   (gloves unavailable)
Will     .....                  (boots unavailable)
Stlth    ++++......             (no amulet)
HPRegen  0.04/turn              (no ring)
MPRegen  0.08/turn              (no ring)

@: lethally poisoned (0 -> -3), quick
A: very small, claws 1, fangs 3, see invisible, speed 1, shaggy fur 1, stealthy
paws, no weapons or thrown items, no armour, multi-lived
a: no special abilities


You were on level 5 of the Dungeon.
You visited 1 branch of the dungeon, and saw 1 of its levels.

You collected 14 gold pieces.

Inventory:

Wands
 e - a wand of digging (3)
Scrolls
 a - 2 scrolls of fog
 b - a scroll of magic mapping
 c - a scroll of fear
Potions
 d - a potion of haste


   Skills:
 - Level 3.0 Fighting
 - Level 2.6 Dodging
 + Level 7.2 Stealth
 - Level 2.0 Unarmed Combat


You had one spell level left.
You didn't know any spells.
Your spell library was empty.

Dungeon Overview and Level Annotations

Branches:
Dungeon (5/15)
 Temple: D:4-7

Altars:

Annotations:
D:5 exclusion: phantom


Innate Abilities, Weirdness & Mutations

You have sharp claws.
You have razor-sharp teeth.
You have supernaturally acute eyesight. (SInv)
You cover ground quickly. (Speed+)
You are covered in fur. (AC +1)
Your paws help you pounce on unaware monsters.
You are incapable of wielding weapons or throwing items.
You cannot wear armour.
You gain extra lives every three experience levels.


Message History

a - 2 scrolls of fog (gained 1)
Found 14 gold pieces.
You now have 14 gold pieces.
Found 15 stones.
You see here 15 stones.
An adder comes into view.
The adder hisses angrily.
Found a scroll labelled YHUUCOUCEP.
You scratch the adder but do no damage. The adder barely misses you.
The adder completely misses you.
You completely miss the adder. The adder closely misses you.
You scratch the adder.
The adder is moderately wounded.
The adder closely misses you.
You miss the adder.
The adder is moderately wounded.
The adder completely misses you.
You barely miss the adder.
The adder is moderately wounded.
The adder bites you but does no damage. The adder barely misses you.
You barely miss the adder.
The adder is moderately wounded.
The adder bites you.
You scratch the adder.
The adder is almost dead.
The adder bites you.
Ouch! That really hurt!
* * * LOW HITPOINT WARNING * * *
You are lethally poisoned!
The adder poisons you!
You scratch the adder.
You kill the adder!
* * * LOW HITPOINT WARNING * * *
You feel sick.
Your Stealth skill increases to level 7!
You have reached level 2!
Okay, then.
* * * LOW HITPOINT WARNING * * *
You feel sick.
You die...

#.#####.#
####### #.#
#.# .......
#.# #.#
####### #.#
#.# # #.#
#.# # #.#
#.# # #.#
#.# # #.#
#.# # #@#
#.# # #†#
#.# # ...
#.# # ....?
#.##########
##...##
#.....(.....
##.##
############
###


There were no monsters in sight!

Vanquished Creatures
  An adder (D:5)
1 creature vanquished.

Notes
Turn   | Place    | Note
-------+----------+-------------------------------------------
     0 | D:5      | Descartes the Felid Delver began the quest for the Orb.
     0 | D:5      | Reached XP level 1. HP: 10/10 MP: 2/2
     0 | D:5      | Noticed a phantom
     0 | D:5      | Noticed a necrophage
    83 | D:5      | Reached skill level 7 in Stealth
    83 | D:5      | Reached XP level 2. HP: 2/14 MP: 3/3
    84 | D:5      | Succumbed to an adder's poison

Illustrated notes

Levels and vault maps discovered:
D:5:      cheibrodos_fzero, layout_loops_ring, mainiacjoe_overflow_cross_hatched

Skill      XL: |  1 |
---------------+----+-----
Stealth        | 7 |  7.2
Fighting       | |  3.0
Dodging        | |  2.6
Unarmed Combat | |  2.0

Action                   || total
-------------------------++-------
Melee: Unarmed           ||     8
Armor: Skin              ||     1
Dodge: Dodged            ||     6
